 Dungeon Crawl Stone Soup version 0.30.1-4-g462c640d31 (webtiles) character file.

Game seed: 6106180872176135823

2689377 GeoRichter the Maledictor (level 26, 142/150 HPs)
             Began as a Vampire Necromancer on Aug 23, 2023.
             Was a Priest of Kikubaaqudgha.
             Escaped with the Orb
             ... and 4 runes on Aug 29, 2023!
             The game lasted 03:32:47 (55299 turns).

GeoRichter the Maledictor (Vampire Necromancer)    Turns: 55299, Time: 03:32:48

Health: 142/150    AC: 27    Str:  3 (5)  XL:     26   Next: 46%
Magic:  24/47      EV: 14    Int: 30      God:    Kikubaaqudgha [***...]
Gold:   5100       SH:  8    Dex:  7 (11) Spells: 3/55 levels left

rFire   + . .        f - +9 demon trident (drain)
rCold   + . .        F - +3 buckler {AC+3}
rNeg    + + +        p - +4 moon troll leather armour {Spirit, Regen++ MP+5}
rPois   +            I - +2 helmet {Int+3}
rElec   +            W - scarf {rC+ rF+}
rCorr   .            M - +2 pair of gloves
SInv    +            U - +1 pair of boots "Jadghisogh" {rF+}
Will    +++..        j - amulet of magic regeneration
Stlth   +++          m - ring "Yxzon" {rPois Will+ AC+4}
HPRegen 2.25/turn    g - ring "Realuost" {rElec rN+++ AC+4 Str-2 SInv}
MPRegen 0.70/turn

%: guardian spirit
@: healing quickly, studying Short Blades
A: alive, fangs 3, see invisible, vampiric 2, talons 1, clumsy 2, deformed body,
deterioration 2, dopey 1, frail 3, screaming 2, heat vulnerability 1
0: Orb of Zot
}: 4/15 runes: barnacled, slimy, silver, gossamer
a: Exsanguinate, Renounce Religion, Unearth Wretches


You escaped.
You worshipped Kikubaaqudgha.
Kikubaaqudgha was most pleased with you.
You visited 11 branches of the dungeon, and saw 53 of its levels.
You visited the Abyss 1 time.
You also visited: Trove.

You collected 9258 gold pieces.
You spent 4158 gold pieces at shops.

Inventory:

Hand Weapons
 f - a +9 demon trident of draining (weapon)
   (You took it off Asterion on level 4 of the Spider Nest)
Missiles
 N - 5 throwing nets {!f}
 T - 32 curare-tipped darts {!f}
Armour
 c - the +1 helmet of Coh Iwua {rElec}
   (You acquired it on level 2 of the Dungeon)

   rElec:     It insulates you from electricity.
 p - the +4 moon troll leather armour (worn) {Spirit, Regen++ MP+5}
   (You bought it in a shop on level 2 of the Orcish Mines)

   MP:        It affects your magic capacity (+5).
   Regen:     It increases your rate of health regeneration.
 D - the +3 salamander hide armour {Flames, rFlCloud rF++ rC--}
   (You found it on level 1 of the Depths)

   Flames:    It surrounds you with flame clouds and enhances your fire magic.
   rFlCloud:  It grants immunity to flame clouds.
   rF:        It greatly protects you from fire.
   rC:        It makes you very vulnerable to cold.
 F - a +3 buckler of protection (worn)
   (You bought it in a shop on level 2 of the Orcish Mines)
 H - the +1 cloak "Imunwy" {+Inv rC+ Str+4}
   (You found it on level 3 of the Elven Halls)

   Str:       It affects your strength (+4).
   rC:        It protects you from cold.
   +Inv:      It lets you turn invisible.
 I - a +2 helmet of intelligence (worn)
   (You found it in a treasure trove)
 M - a +2 pair of gloves (worn)
   (You took it off Nikola on level 2 of the Spider Nest)
 U - the +1 pair of boots "Jadghisogh" (worn) {rF+}
   (You found it on level 3 of the Elven Halls)

   rF:        It protects you from fire.
 W - a scarf of resistance (worn)
   (You found it on level 4 of the Spider Nest)
 X - a +0 cloak of preservation
   (You took it off Nikola on level 2 of the Spider Nest)
 Z - the +0 ring mail of Dithmenos's Whim {Fly}
   (You found it on level 3 of the Realm of Zot)

   Fly:       It grants you flight.
Magical Staves
 O - the staff of death "Womig Vuasak" {rN+ SInv}
   (You found it on level 5 of the Pits of Slime)

   [staff of death]

   Base accuracy: +5 Base damage: 5 Base attack delay: 1.2 This weapon's minimum
   attack delay (0.6) is reached at skill level 12.
   rN:        It protects you from negative energy.
   SInv:      It lets you see invisible.
   It falls into the 'Staves' category.
   It is a one-handed weapon.
Jewellery
 g - the ring "Realuost" (right hand) {rElec rN+++ AC+4 Str-2 SInv}
   (You took it off a deep elf elementalist on level 3 of the Elven Halls)

   [ring of protection]

   AC:        It affects your AC (+4).
   Str:       It affects your strength (-2).
   rElec:     It insulates you from electricity.
   rN:        It renders you almost immune to negative energy.
   SInv:      It lets you see invisible.
 j - an amulet of magic regeneration (around neck)
   (You found it on level 4 of the Dungeon)
 m - the ring "Yxzon" (left hand) {rPois Will+ AC+4}
   (You acquired it on level 2 of the Dungeon)

   [ring of protection]

   AC:        It affects your AC (+4).
   rPois:     It protects you from poison.
   Will:      It increases your willpower.
 r - a ring of protection from fire
   (You found it on level 1 of the Lair of Beasts)
 x - the ring of Kiwoigao {rC+ rCorr Slay+3}
   (You bought it in a shop on level 5 of the Vaults)

   [ring of protection from cold]

   Slay:      It affects your accuracy & damage with ranged weapons and melee
   (+3).
   rC:        It protects you from cold.
   rCorr:     It protects you from acid and corrosion.
Wands
 t - a wand of flame (116)
   (You took it off a hobgoblin on level 4 of the Dungeon)
 B - a wand of digging (15)
   (You found it on level 4 of the Shoals)
 C - a wand of charming (45)
   (You found it on level 7 of the Dungeon)
 L - a wand of light (21)
   (You found it on level 8 of the Dungeon)
 Y - a wand of polymorph (10)
   (You found it on level 2 of the Spider Nest)
Scrolls
 b - 10 scrolls of noise {!r}
 e - 16 scrolls of vulnerability {!r}
 h - 3 scrolls of enchant armour
 i - 19 scrolls of teleportation {@r4}
 k - a scroll of blinking
 o - 6 scrolls of magic mapping
 q - 7 scrolls of immolation {!r}
 u - 7 scrolls of silence
 y - 10 scrolls of fog
 A - 2 scrolls of summoning
 E - 9 scrolls of poison
 J - 6 scrolls of fear
 P - 5 scrolls of enchant weapon
Potions
 a - 8 potions of attraction {!q}
 d - 17 potions of curing {@q1}
 l - a potion of resistance
 n - 15 potions of brilliance
 s - 4 potions of haste {@q3}
 v - 3 potions of invisibility
 w - 7 potions of flight
 z - 8 potions of cancellation
 G - 9 potions of lignification {!q}
 Q - a potion of might
 R - 2 potions of heal wounds {@q2}
 V - 14 potions of ambrosia
Miscellaneous
 K - a phantom mirror
   (You found it on level 5 of the Vaults)


   Skills:
 + Level 19.3 Fighting
 - Level 14.0 Polearms
 + Level 6.7 Armour
 - Level 19.7 Dodging
 - Level 23.2 Stealth
 + Level 8.1 Shields
 - Level 15.0 Spellcasting
 - Level 25.0 Hexes
 - Level 16.0 Summonings
 - Level 22.0 Necromancy
 - Level 5.7 Ice Magic
 - Level 7.0 Earth Magic


You had 3 spell levels left.
You knew the following spells:

 Your Spells              Type           Power      Damage    Failure   Level
a - Haunt                 Necr/Summ      47%        N/A       2%          7
b - Vampiric Draining     Necr           100%       2d13      0%          3
c - Animate Dead          Necr           100%       N/A       0%          4
d - Dispel Undead         Necr           100%       3d31      0%          4
e - Death Channel         Necr           50%        N/A       1%          6
f - Borgnjor's Vile Clut  Necr/Erth      41%        N/A       1%          5
g - Infestation           Necr           50%        N/A       4%          8
h - Discord               Hex            53%        N/A       1%          8
i - Enfeeble              Hex            53%        N/A       1%          7

Your spell library contained the following spells:

 Spells                   Type           Power      Damage    Failure   Level
 Necrotise                Necr           100%       1d9       0%          1
 Slow                     Hex            100%       N/A       0%          1
 Summon Small Mammal      Summ           100%       N/A       0%          1
 Sublimation of Blood     Necr           100%       N/A       0%          2
 Confusing Touch          Hex            100%       N/A       0%          3
 Tukima's Dance           Hex            100%       N/A       0%          3
 Kiss of Death            Conj/Necr      100%       2d13      1%          1
 Sandblast                Erth           100%       2d20      1%          1
 Cigotuvi's Dreadful Rot  Necr/Pois/Air  100%       N/A       1%          2
 Ensorcelled Hibernation  Hex/Ice        100%       N/A       1%          2
 Dazzling Flash           Conj/Hex       100%       N/A       1%          3
 Inner Flame              Hex/Fire       78%        N/A       1%          3
 Ozocubu's Armour         Ice            54%        N/A       1%          3
 Portal Projectile        Hex/Tloc       100%       N/A       1%          3
 Passwall                 Tmut/Erth      35%        N/A       2%          2
 Apportation              Tloc           44%        N/A       6%          1
 Beastly Appendage        Tmut           44%        N/A       6%          1
 Magic Dart               Conj           88%        1d7       6%          1
 Shock                    Conj/Air       88%        1d8       6%          1
 Hailstorm                Conj/Ice       39%        3d9       6%          3
 Blink                    Tloc           44%        N/A       10%         2
 Lesser Beckoning         Tloc           44%        N/A       10%         2
 Momentum Strike          Conj/Tloc      44%        3d9       10%         2
 Poisonous Vapours        Pois/Air       44%        N/A       10%         2
 Searing Ray              Conj           44%        2d6       10%         2
 Wereblood                Tmut           22%        N/A       10%         2
 Gell's Gravitas          Tloc           22%        N/A       19%         3
 Mephitic Cloud           Conj/Pois/Air  22%        N/A       19%         3
 Spider Form              Tmut/Pois      22%        N/A       19%         3
 Swiftness                Air            22%        N/A       19%         3
 Teleport Other           Tloc           22%        N/A       19%         3
 Vhi's Electric Charge    Tloc/Air       44%        N/A       19%         3
 Volatile Blastmotes      Fire/Tloc      44%        2d13      19%         3
 Anguish                  Hex/Necr       52%        N/A       0%          4
 Cause Fear               Hex            53%        N/A       0%          4
 Fulminant Prism          Conj/Hex       39%        3d18      1%          4
 Agony                    Necr           100%       N/A       1%          5
 Metabolic Englaciation   Hex/Ice        43%        N/A       1%          5
 Silence                  Hex/Air        39%        N/A       1%          5
 Summon Mana Viper        Hex/Summ       98%        N/A       1%          5
 Yara's Violent Unravell  Hex/Tmut       39%        3d16      1%          5
 Summon Lightning Spire   Summ/Air       63%        N/A       2%          4
 Simulacrum               Ice/Necr       40%        N/A       3%          6
 Lee's Rapid Deconstruct  Erth           29%        3d15*     10%         5
 Petrify                  Tmut/Erth      43%        N/A       16%         4
 Ice Form                 Ice/Tmut       39%        N/A       21%         4
 Airstrike                Air            11%        2d(2-18)  54%         4
 Flame Wave               Conj/Fire      22%        2d8       54%         4
 Iskenderun's Mystic Bla  Conj/Tloc      22%        2d6       54%         4
 Manifold Assault         Tloc           22%        N/A       54%         4
 Olgreb's Toxic Radiance  Pois           22%        N/A       54%         4
 Passage of Golubria      Tloc           22%        N/A       54%         4
 Sticky Flame             Conj/Fire      22%        2d4       54%         4
 Freezing Cloud           Conj/Ice/Air   16%        6-21      63%         5
 Alistair's Intoxication  Tmut/Pois      14%        N/A       87%         5
 Arcjolt                  Conj/Air       11%        1d21      87%         5
 Fireball                 Conj/Fire      11%        3d7       87%         5
 Irradiate                Conj/Tmut      11%        3d15      87%         5
 Iskenderun's Battlesphe  Conj           22%        2d8       87%         5
 Statue Form              Tmut/Erth      28%        N/A       93%         6
 Ozocubu's Refrigeration  Ice            27%        4d13      99%         7
 Conjure Ball Lightning   Conj/Air       11%        3x3d6     100%        6
 Dispersal                Tloc           11%        N/A       100%        6
 Eringya's Noxious Bog    Tmut/Pois      11%        N/A       100%        6
 Plasma Beam              Fire/Air       11%        2x1d24    100%        6
 Starburst                Conj/Fire      11%        6d5       100%        6
 Orb of Destruction       Conj           11%        9d6       100%        7
 Storm Form               Tmut/Air       11%        N/A       100%        7
 Disjunction              Tloc           11%        N/A       100%        8
 Ignition                 Fire           11%        3d5       100%        8
 Maxwell's Capacitive Co  Air            11%        ∞         100%        8
 Chain Lightning          Conj/Air       11%        3d14      100%        9
 Fire Storm               Conj/Fire      11%        8d3       100%        9
 Polar Vortex             Ice            27%        N/A       100%        9
 Shatter                  Erth           29%        3d24*     100%        9


Dungeon Overview and Level Annotations

Branches:
Dungeon (15/15)            Temple (1/1) D:4            Lair (5/5) D:11
 Shoals (4/4) Lair:3       Spider (4/4) Lair:2        Slime (5/5) Lair:5
    Orc (2/2) D:9             Elf (3/3) Orc:2        Vaults (5/5) D:14
  Crypt (0/3) Vaults:2     Depths (4/4) D:15            Zot (5/5) Depths:4

Altars:
Ashenzari
Cheibriados
Dithmenos
Fedhas
Gozag
Hepliaklqana
Kikubaaqudgha
Makhleb
Nemelex Xobeh
Okawaru
Qazlal
Ru
Sif Muna
Trog
Uskayaw
Vehumet
Wu Jian
Xom
Yredelemnul
Jiyva

Shops:
D:5 *   D:10 *   D:15 ?   Orc:2 *[([   Shoals:4 *   Vaults:2 (   Vaults:3 [(
Vaults:5 ==*   Depths:1 !:(   Depths:2 *

Portals:
Hell: Depths:1 Depths:2 Depths:3
Abyss: Depths:3
Pandemonium: Depths:2
Ziggurat: Depths:2

Annotations:
D:2 1 runed translucent door, Crazy Yiuf
D:6 2 transporters, exclusions: centaur and 1 more exclusion, zxspectator's ghost, novice GrFi
Elf:2 3 runed translucent doors
Elf:3 4 exclusions
Zot:2 exclusion: door
Zot:4 1 transporter


Innate Abilities, Weirdness & Mutations

Your natural rate of healing is accelerated.
You have razor-sharp teeth.
You have supernaturally acute eyesight. (SInv)
You are afflicted with vampirism and can become a bat while bloodless.
You have sharp toenails.
You are very clumsy. (Dex -4)
Armour fits poorly on your strangely shaped body.
Your body often deteriorates upon taking damage.
You are dopey. (Int -2)
You are extremely frail. (-30% HP)
You frequently scream uncontrollably at your foes.
You are vulnerable to heat. (rF-)


Message History

Insubstantial figures form in the air.
The Orb Guardian hits your wraith!
The Orb Guardian hits your wraith but does no damage.
Casting: Haunt (dangerous; 2% risk of failure)
Confirm with . or Enter, or press ? or * to list all spells.
Aiming: Haunt (dangerous; 2% risk of failure)
Press: ? - help, Dir - move target, f/p - Orb Guardian
Aim: an Orb Guardian (ally target) Insubstantial figures form in the air.
The Orb Guardian hits your wraith!!
Your wraith is destroyed!
Your wraith disappears in a puff of smoke!
Your wraith hits the Orb Guardian.
Your phantasmal warrior gestures at the Orb Guardian.
Your phantasmal warrior blinks!
The Orb Guardian hits your wraith!!!
Your wraith is destroyed!
Your wraith disappears in a puff of smoke!
Your freezing wraith hits the Orb Guardian but does no damage.
Your freezing wraith closely misses the Orb Guardian.
Your phantasmal warrior hits the Orb Guardian.
The Orb Guardian's willpower is stripped away!
Your wraith misses the Orb Guardian.
Your freezing wraith hits the Orb Guardian!
Your freezing wraith freezes the Orb Guardian!!
Your freezing wraith barely misses the Orb Guardian.
The Orb Guardian hits you but does no damage.
The Orb Guardian completely misses you.
Your phantasmal warrior hits the Orb Guardian!
Your wraith hits the Orb Guardian.
Your wraith drains the Orb Guardian's vigour!
The Orb Guardian seems to slow down.
Your freezing wraith hits the Orb Guardian.
Your freezing wraith freezes the Orb Guardian!!
Your freezing wraith closely misses the Orb Guardian.
The Orb Guardian hits your wraith but does no damage.
Your wraith barely misses the Orb Guardian.
Your phantasmal warrior hits the Orb Guardian!
The Orb Guardian dies!
Kikubaaqudgha accepts your kill.
Your phantasmal warrior disappears in a puff of smoke!
Aiming: Dig
Press: ? - help, Shift-Dir - straight line You can't see that place. [a rock wall.]
The rock shatters into small pieces.
Your wraith disappears in a puff of smoke!
Your freezing wraith disappears in a puff of smoke!
Your wraith disappears in a puff of smoke! x2
There is an open door here.
There is a staircase leading out of the dungeon here.
You have escaped!

#.......#........#
#.......#........# #######
#...##########...# ......#
#...#...'....#...#
......###...#...#|...#...#
.......##...#...#....#...#
........#'###'###....#...#
........#...#..#####'###'#
........#...#..'@#...#...#
...>#...#.....####...#...#
###'#####......#.....#...#
....§..#.......#.....#...#
........#......'.....#...#
.......###############...#
.......# #.........#
.......# ####.........#
.......# #..'.........#


There were no monsters in sight!

Vanquished Creatures
  An ancient lich (Zot:5)
  6 orbs of fire
  Sojobo (Vaults:2)
  2 caustic shrikes
  3 golden dragons
  2 electric golems
  5 tentacled monstrosities
  6 Orb Guardians (Zot:5)
  2 deep elf master archers (Elf:3)
  4 quicksilver dragons
  A lich (Depths:2)
  7 acid blobs
  3 titans
  3 death cobs
  A sphinx (Vaults:1)
  7 shadow dragons
  A tentacled starspawn (Abyss:2)
  12 tengu reavers
  5 storm dragons
  8 draconian monks
  2 azure jellies (Slime:5)
  8 frost giants
  3 draconian knights
  5 fire giants
  An emperor scorpion (Spider:1)
  A rockslime (Slime:5)
  3 deep elf sorcerers
  4 ghost moths
  9 vault wardens
  4 deep elf elementalists (Elf:3)
  A draconian annihilator (Zot:1)
  7 very ugly things
  A cacodemon (Depths:3)
  An orc warlord (Orc:2)
  2 ironbound preservers
  2 draconian shifters
  A draconian stormcaller (Zot:4)
  A war gargoyle (Vaults:4)
  A juggernaut skeleton (D:15)
  3 stone giants (Depths:3)
  A broodmother (Spider:3)
  An ironbound thunderhulk (Vaults:2)
  7 deep elf demonologists
  2 red draconians
  A deep elf annihilator (Elf:3)
  2 black draconians
  5 green draconians
  2 white draconians
  2 yellow draconians
  A spark wasp (Depths:3)
  2 purple draconians
  3 dire elephants
  5 ettins
  A crystal guardian (Vaults:3)
  5 deep elf death magi
  Josephine (Lair:5)
  3 yaktaur captains
  A jiangshi (Vaults:2)
  5 fire dragons
  A deep elf high priest (Elf:3)
  3 great orbs of eyes
  2 entropy weavers
  A hell beast (Depths:4)
  A rakshasa (Depths:1)
  A spriggan air mage (Depths:3)
  4 vault guards
  An ogre mage (D:15)
  A jorogumo (Spider:3)
  2 hydras
  A catoblepas (Lair:5)
  2 radroaches (Spider:3)
  A death knight (D:14)
  8 centaur warriors
  4 ice dragons
  2 deep troll shamans
  2 two-headed ogres
  2 boulder beetles
  An ironbound frostheart (Vaults:3)
  2 vampire magi
  2 deep troll earth magi
  A death scarab (Depths:1)
  A merfolk aquamancer (Shoals:4)
  7 dancing weapons
  2 hell knights
  2 orc high priests (Orc:2)
  3 tengu warriors
  8 deep elf knights
  2 sun demons (Depths:1)
  Sonja (Lair:3)
  A fire crab (Lair:4)
  5 skeletal warriors
  A storm dragon zombie (D:15)
  A storm dragon skeleton (D:15)
  A sun moth (Spider:3)
  13 deep trolls
  A swamp dragon (shapeshifter) (Vaults:5)
  2 wizards
  A sea snake (Shoals:3)
  2 deep elf archers
  5 harpies
  3 orc knights
  5 phantasmal warriors
  3 ironbound convokers (Vaults:4)
  A sphinx zombie (D:15)
  2 wolf spiders (Spider:1)
  7 deep elf zephyrmancers
  2 necromancers
  2 steelbarb worms
  3 lindwurms
  An oklob plant (D:11)
  A fire giant zombie (Vaults:4)
  5 deep elf pyromancers
  A salamander (Depths:1)
  2 fauns (Shoals:3)
  6 ugly things
  2 cyclopes
  5 orc sorcerers (Orc:2)
  3 manticores
  2 merfolk sirens
  A guardian serpent (Abyss:2)
  8 moths of wrath
  2 demonic crawlers (Spider:1)
  2 elephants (Lair:5)
  12 vault sentinels
  A water nymph (Shoals:1)
  7 black mambas
  6 cane toads
  An unseen horror (D:12)
  A cane toad (shapeshifter) (D:15)
  10 yaktaurs
  4 freezing wraiths
  4 kobold demonologists
  Psyche (D:8)
  An efreet (Zot:1)
  A tormentor (D:1)
  5 komodo dragons
  A tengu conjurer (Depths:3)
  3 meliai
  5 trolls
  Prince Ribbit (D:8)
  4 tarantellas
  A wind drake (Shoals:1)
  3 merfolk
  A large abomination (Abyss:2)
  2 blink frogs (Lair:1)
  2 dream sheep (Lair:5)
  20 slime creatures
  8 jumping spiders
  3 culicivoras
  A jumping spider (shapeshifter) (D:13)
  An elf skeleton (Vaults:4)
  A spriggan (Lair:3)
  4 wyverns
  5 wraiths
  A vampire (D:12)
  A nameless horror (Vaults:2)
  A basilisk (Lair:2)
  3 water elementals (Shoals:1)
  11 yaks
  A fire elemental (Elf:1)
  A golden eye (Slime:1)
  A human (shapeshifter) (D:13)
  A golden eye (shapeshifter) (Vaults:5)
  A chaos spawn (Abyss:2)
  2 neqoxecs (Abyss:2)
  2 steam dragons
  6 vampire mosquitoes
  2 wargs (Orc:1)
  13 redbacks
  2 small abominations (Abyss:2)
  An acid dragon (D:13)
  A hell hound (Depths:1)
  7 water moccasins
  A floating eye (Depths:3)
  An ice beast (D:7)
  23 orc warriors
  2 sky beasts
  A black bear (shapeshifter) (D:14)
  4 black bears
  7 wolves
  A boggart (Vaults:1)
  9 ogres
  17 centaurs
  A phantom (D:6)
  4 kobold brigands
  6 bullfrogs
  2 gnoll sergeants (D:6)
  7 scorpions
  2 earth elementals (Elf:3)
  A scorpion (shapeshifter) (Depths:3)
  A water moccasin zombie (D:5)
  A necrophage (D:5)
  2 wights (D:5)
  7 killer bees
  An electric eel (D:8)
  4 jellies
  6 howler monkeys
  3 bullfrog zombies (D:5)
  A centaur zombie (D:5)
  2 human zombies
  6 hounds
  16 orc priests
  2 gnoll boudas
  2 sleepcaps
  6 iguanas
  19 orc wizards
  A scorpion zombie (D:5)
  4 hell rats (Lair:2)
  A mummy (D:5)
  A howler monkey zombie (D:5)
  2 adders
  11 gnolls
  2 shadow imps (D:6)
  2 white imps
  2 ufetubi
  A worm (D:5)
  4 dart slugs
  60 orcs
  7 ball pythons
  5 bats
  7 endoplasms
  8 giant cockroaches
  7 hobgoblins
  7 jackals
  12 kobolds
  3 quokkas
  2 frilled lizards
  8 goblins
  3 rats
  A starspawn tentacle (Abyss:2)
  A tentacle (Shoals:4)
871 creatures vanquished.

Vanquished Creatures (collateral kills)
  the Royal Jelly (Slime:5)
  3 dread liches
  3 ancient liches
  A juggernaut (Depths:3)
  2 orbs of fire (Zot:5)
  4 Killer Klowns (Zot:5)
  A curse toe (Zot:5)
  6 golden dragons
  Nikola (Spider:2)
  Rupert (Orc:2)
  13 tentacled monstrosities
  Arachne (Spider:4)
  A Brimstone Fiend (Depths:3)
  An Ice Fiend (Depths:4)
  17 Orb Guardians
  4 liches
  A Hell Sentinel (Zot:4)
  2 walking earthen tomes
  2 deep elf blademasters (Elf:3)
  4 titans (Vaults:5)
  A walking divine tome (Depths:3)
  4 sphinxes
  3 quicksilver dragons
  Asterion (Spider:4)
  A pandemonium lord (D:10)
  5 death cobs
  5 krakens
  13 acid blobs
  The ghost of Tang the Devastator, an adept TeAE of Sif Muna (Shoals:3)
  10 shadow dragons
  Donald (Shoals:4)
  9 tengu reavers
  Frances (Shoals:1)
  9 draconian monks
  7 rockslimes (Slime:5)
  9 storm dragons
  5 fire giants
  11 azure jellies
  4 deep elf sorcerers
  3 draconian knights
  A jelly zombie (Slime:5)
  6 emperor scorpions (Spider:4)
  6 frost giants
  6 draconian scorchers
  15 vault wardens
  Aizul (Shoals:1)
  A draconian shifter (Zot:1)
  A deep elf elementalist (Elf:3)
  3 ghost moths
  6 draconian annihilators
  An orc warlord (Vaults:1)
  2 draconian stormcallers
  A demonspawn blood saint (D:9)
  6 quicksilver oozes (Slime:5)
  A rockslime zombie (Slime:5)
  18 ironbound preservers
  A war gargoyle (Vaults:2)
  The ghost of ShutUppercut the Imperceptible, an adept SpEn of Kikubaaqudgha (Shoals:1)
  19 very ugly things
  3 ironbound thunderhulks
  14 stone giants
  2 vampire knights (Depths:2)
  A demonspawn black sun (D:9)
  9 green draconians
  3 spark wasps
  3 deep elf demonologists
  6 dire elephants
  14 purple draconians
  7 deep elf annihilators
  10 black draconians
  10 white draconians
  6 deep elf death magi
  11 red draconians
  A lorocyproca (D:9)
  14 yellow draconians
  A crystal guardian (Vaults:3)
  A blizzard demon (D:11)
  11 ettins
  6 merfolk javelineers (Shoals:4)
  5 fire dragons
  7 deep elf high priests
  18 yaktaur captains
  7 merfolk impalers
  Fannar (D:10)
  3 rakshasas
  2 entropy weavers
  A jorogumo (Spider:4)
  24 vault guards
  2 hydras
  4 ice dragons
  2 peacekeepers
  A spriggan air mage (Depths:2)
  4 radroaches
  A catoblepas (D:15)
  5 merfolk avatars
  A hell beast (Depths:1)
  8 ironbound frosthearts
  11 great orbs of eyes
  5 merfolk aquamancers
  14 centaur warriors
  3 ogre magi
  6 deep troll shamans
  3 boulder beetles
  A jorogumo (shapeshifter) (Depths:3)
  3 death yaks (Lair:5)
  6 two-headed ogres
  6 dancing weapons
  2 death knights
  4 alligator snapping turtles
  2 satyrs
  A quicksilver ooze zombie (Slime:5)
  An azure jelly zombie (Slime:5)
  2 tengu warriors (Depths:1)
  3 deep troll earth magi
  3 thrashing horrors (Abyss:2)
  A spriggan berserker (Depths:2)
  An orc high priest (Elf:1)
  A vampire mage (Vaults:2)
  12 deep elf knights
  6 sun demons (Depths:1)
  16 hell knights
  A wretched star (Abyss:2)
  2 skeletal warriors (D:15)
  2 pharaoh ants
  A salamander mystic (Depths:1)
  A sun moth (Spider:3)
  5 skysharks
  7 sea snakes
  A golden dragon zombie (Abyss:2)
  50 deep trolls
  A flayed ghost (Depths:3)
  7 orb spiders
  6 wizards
  11 deep elf archers
  3 glowing orange brains
  23 ironbound convokers
  3 phantasmal warriors (Vaults:5)
  3 lindwurms
  3 orc knights
  21 deep elf zephyrmancers
  11 necromancers
  A shadow dragon zombie (Vaults:4)
  13 harpies
  21 deep elf pyromancers
  5 steelbarb worms
  A steelbarb worm (shapeshifter) (Depths:2)
  16 wolf spiders
  7 shining eyes
  9 manticores
  17 ugly things
  A manticore (shapeshifter) (Vaults:1)
  An orc sorcerer (Elf:3)
  An oklob plant (D:11)
  A faun (shapeshifter) (Depths:3)
  15 fauns
  5 cyclopes
  A salamander (Depths:1)
  A cyclops (shapeshifter) (Elf:2)
  2 black mambas (Lair:5)
  A guardian serpent (shapeshifter) (Elf:1)
  21 moths of wrath
  3 elephants (Lair:5)
  9 merfolk sirens
  A water nymph (shapeshifter) (Vaults:5)
  13 vault sentinels
  2 eyes of devastation
  7 water nymphs
  2 apocalypse crabs
  An orange demon (Depths:3)
  5 demonic crawlers
  5 torpor snails
  6 cane toads
  A hellion (Depths:1)
  A freezing wraith (Vaults:4)
  A rime drake (shapeshifter) (Depths:2)
  2 komodo dragons
  A rime drake (Lair:5)
  44 yaktaurs
  A tengu conjurer (Depths:1)
  An ancient zyme (Vaults:5)
  3 trolls
  38 merfolk
  A queen bee (D:14)
  2 guardian mummies (D:15)
  6 meliai
  A nameless horror (Shoals:4)
  2 polar bears (Lair:3)
  A hornet (D:9)
  23 tarantellas
  A tarantella (shapeshifter) (Depths:3)
  A dream sheep (shapeshifter) (Elf:1)
  11 dream sheep
  6 wind drakes
  4 blink frogs
  9 snapping turtles
  15 jumping spiders
  46 slime creatures
  2 ynoxinuls
  8 wraiths
  4 air elementals
  A wyvern (D:8)
  18 yaks
  10 water elementals
  8 slime creature zombies (Slime:5)
  16 culicivoras
  2 shadows
  38 redbacks
  2 basilisks
  A redback (shapeshifter) (Vaults:5)
  7 fire elementals
  A golden eye (Slime:1)
  A vampire mosquito (D:15)
  A warg (Orc:1)
  2 tengu zombies (Depths:1)
  2 acid dragons
  3 water moccasins
  13 orc warriors
  2 black bears
  7 ogres
  7 wolves
  4 boggarts (Vaults:1)
  5 centaurs
  3 kobold brigands
  4 bullfrogs
  A gnoll sergeant (D:9)
  An earth elemental (Elf:2)
  5 small abominations (Abyss:2)
  15 killer bees
  A human simulacrum (Vaults:4)
  2 jellies
  An iron imp (Abyss:2)
  A quasit (Abyss:2)
  3 orc priests
  7 starcursed masses (Abyss:2)
  An iguana (D:7)
  14 orc wizards
  7 hell rats (Lair:2)
  10 gnolls
  44 orcs
  A ball python (D:4)
  A goblin (D:1)
  4 kobolds
  A fire vortex (Depths:1)
  A spectral weapon (Spider:4)
  9 tentacles
1490 creatures vanquished.

Vanquished Creatures (others)
  A golden dragon (Zot:5)
  3 Orb Guardians (Zot:5)
  5 quicksilver dragons
  5 sphinxes
  An acid blob (Slime:5)
  5 tengu reavers
  3 draconian monks
  5 shadow dragons
  11 storm dragons
  3 azure jellies (Slime:5)
  5 rockslimes
  2 emperor scorpions
  2 fire giants
  A draconian knight (Zot:1)
  A deep elf sorcerer (Vaults:5)
  3 vault wardens (Vaults:5)
  2 frost giants
  3 ghost moths
  A draconian shifter (Zot:1)
  An iron dragon (Depths:3)
  4 draconian scorchers
  An ironbound preserver (Vaults:1)
  2 draconian annihilators
  3 draconian stormcallers
  2 deep elf elementalists
  3 broodmothers
  2 orc warlords
  4 stone giants
  2 quicksilver oozes (Slime:4)
  A green draconian (Zot:4)
  4 white draconians
  4 black draconians
  3 red draconians
  3 spark wasps
  2 purple draconians
  4 yellow draconians
  A deep elf death mage (Vaults:1)
  10 ettins
  2 fire dragons
  3 yaktaur captains
  4 acid blob zombies (Slime:5)
  An entropy weaver (Spider:4)
  2 great orbs of eyes
  A spriggan air mage (Depths:3)
  3 hydras
  2 ice dragons
  3 jorogumos
  2 radroaches
  3 ogre magi
  A centaur warrior (D:15)
  3 boulder beetles
  A dancing weapon (Elf:2)
  A two-headed ogre (shapeshifter) (D:14)
  A deep troll shaman (Depths:3)
  2 deep troll earth magi
  A quicksilver ooze zombie (Slime:5)
  4 deep elf knights
  2 emperor scorpion zombies
  A skyshark (Shoals:1)
  A spark wasp zombie (Spider:2)
  3 sea snakes
  5 deep elf archers
  2 necromancers
  An ironbound convoker (Vaults:2)
  2 lindwurms
  A wolf spider (Spider:4)
  A steelbarb worm (Spider:3)
  9 deep elf zephyrmancers
  2 wolf spider zombies (Spider:1)
  An ugly thing zombie (Abyss:2)
  A wizard (Vaults:5)
  A draconian zombie (Zot:1)
  4 harpies
  A stone giant zombie (Vaults:5)
  2 wolf spiders (shapeshifter)
  A fire giant zombie (Depths:3)
  2 broodmother zombies
  5 deep elf pyromancers
  4 manticores
  A faun (Shoals:1)
  2 jorogumo zombies (Spider:3)
  6 centaur zombies
  A frost giant zombie (Depths:3)
  An elephant (shapeshifter) (Vaults:5)
  22 moths of wrath
  A torpor snail (Spider:2)
  2 vault sentinels
  2 black mambas
  2 yaktaur zombies
  9 redback zombies
  An eye of devastation (shapeshifter) (Vaults:2)
  A yaktaur (D:15)
  2 sea snake zombies (Shoals:1)
  A catoblepas zombie (D:15)
  2 yellow draconian zombies (Depths:4)
  A komodo dragon (Lair:5)
  2 steelbarb worm zombies (Spider:1)
  3 harpy zombies
  A merfolk (Shoals:3)
  A demonic crawler zombie (Spider:1)
  5 hydra zombies
  A meliai (Spider:2)
  A troll (D:14)
  A wind drake (Shoals:4)
  A hornet (D:9)
  A moth of wrath zombie (Spider:3)
  A guardian serpent zombie (Abyss:2)
  4 jumping spider zombies
  2 tarantellas
  An ettin zombie (Depths:4)
  A hornet (shapeshifter) (D:8)
  2 deep troll zombies
  5 snapping turtles
  4 tarantella zombies
  2 meliai zombies
  2 jumping spiders
  A dream sheep (Lair:4)
  3 great orb of eyes zombies
  A slime creature (Vaults:4)
  2 fire dragon zombies
  2 black mamba zombies (Lair:5)
  A wind drake zombie (Shoals:1)
  17 slime creature zombies
  A redback (Spider:2)
  2 faun zombies
  2 tengu zombies (D:14)
  A warg (Orc:2)
  A two-headed ogre zombie (D:14)
  A skyshark zombie (Shoals:2)
  3 water moccasins
  5 merfolk zombies
  2 cane toad zombies
  An entropy weaver zombie (Spider:3)
  2 manticore zombies (Shoals:1)
  2 orc warriors
  11 elf zombies
  4 dream sheep zombies
  A hornet zombie (D:8)
  5 ogres
  9 human zombies
  A rime drake zombie (Lair:5)
  A komodo dragon zombie (Lair:5)
  A gnoll sergeant (D:10)
  3 water moccasin zombies
  A queen bee zombie (D:14)
  A warg zombie (Orc:1)
  2 troll zombies
  9 yak zombies
  A killer bee (D:14)
  4 wolf zombies
  A howler monkey (D:15)
  3 bullfrog zombies
  An orc priest (Orc:2)
  A black bear zombie (Lair:3)
  7 killer bee zombies (D:14)
  7 ogre zombies
  A worm (D:10)
  A dart slug (D:10)
  An orc (D:11)
  A ball python (D:10)
  A bat zombie (D:10)
  An endoplasm (D:10)
  A ball python zombie (D:10)
  16 gnoll zombies
  9 kobold zombies
  49 orc zombies
  4 starspawn tentacles (Abyss:2)
  12 tentacles
529 creatures vanquished.

Grand Total: 2890 creatures vanquished

Notes
Turn   | Place    | Note
-------+----------+-------------------------------------------
     0 | D:1      | GeoRichter the Vampire Necromancer began the quest for the
                  | Orb.
     0 | D:1      | Reached XP level 1. HP: 13/13 MP: 3/3
   207 | D:1      | Reached XP level 2. HP: 19/19 MP: 1/5
   425 | D:1      | Reached skill level 5 in Necromancy
   834 | D:1      | Gained mutation: You are afflicted with vampirism and can
                  | become a bat while bloodless. [Vampire growth]
   834 | D:1      | Reached XP level 3. HP: 24/24 MP: 3/6
  1182 | D:2      | Learned a level 3 spell: Vampiric Draining
  1787 | D:2      | Found a runed translucent door.
  1788 | D:2      | Noticed Crazy Yiuf
  2249 | D:2      | Identified 2 scrolls of acquirement
  2249 | D:2      | Acquired the ring "Yxzon" {rPois Will+ AC+4}
  2252 | D:2      | Acquired the +1 helmet of Coh Iwua {rElec}
  2574 | D:3      | Reached XP level 4. HP: 30/30 MP: 1/8
  2785 | D:3      | Found a blossoming altar of Fedhas.
  3210 | D:4      | Noticed a scorpion
  3216 | D:4      | Killed a scorpion
  3217 | D:4      | Reached XP level 5. HP: 35/35 MP: 4/9
  3274 | D:4      | Learned a level 4 spell: Animate Dead
  3629 | D:4      | Reached XP level 6. HP: 38/41 MP: 1/11
  3771 | D:4      | Found a staircase to the Ecumenical Temple.
  3842 | Temple   | Entered the Ecumenical Temple
  4913 | D:4      | Reached XP level 7. HP: 46/46 MP: 11/13
  5140 | D:5      | Entered Level 5 of the Dungeon
  5187 | D:5      | Found Dycuovah's General Store.
  5193 | D:5      | Bought a potion of might for 60 gold pieces
  5557 | D:5      | Reached skill level 5 in Spellcasting
  5910 | D:5      | Found a burning altar of Makhleb.
  5948 | D:5      | Reached XP level 8. HP: 52/52 MP: 15/15
  6020 | D:5      | Found an ancient bone altar of Kikubaaqudgha.
  6039 | D:5      | Became a worshipper of Kikubaaqudgha
  6051 | D:5      | Reached skill level 10 in Necromancy
  6725 | D:6      | Reached XP level 9. HP: 44/57 MP: 16/19
  6809 | D:6      | Reached * piety under Kikubaaqudgha
  6809 | D:6      | Received a gift from Kikubaaqudgha
  7051 | D:6      | Noticed zxspectator's ghost (novice GrFi)
  7058 | D:6      | Found a transporter.
  7063 | D:6      | Found a transporter.
  7445 | D:7      | Reached skill level 1 in Fighting
  7712 | D:7      | Reached skill level 5 in Stealth
  7968 | D:7      | Reached ** piety under Kikubaaqudgha
  8135 | D:8      | Noticed a two-headed ogre
  8341 | D:8      | Noticed Psyche
  8567 | D:8      | Killed Psyche
  8613 | D:8      | Noticed Prince Ribbit
  8628 | D:8      | Killed Prince Ribbit
  8629 | D:8      | Reached XP level 10. HP: 73/73 MP: 15/21
  8639 | D:8      | Reached skill level 5 in Fighting
  8645 | D:8      | Reached skill level 5 in Dodging
  8733 | D:8      | Your ally Prince Ribbit died
  8743 | D:8      | Killed a two-headed ogre
  8823 | D:8      | Found a sparkling altar of Nemelex Xobeh.
  8859 | D:8      | Found a hazy altar of Hepliaklqana.
  9225 | D:9      | Learned a level 4 spell: Dispel Undead
  9232 | D:9      | Learned a level 6 spell: Death Channel
  9301 | D:9      | Found a staircase to the Orcish Mines.
  9990 | D:10     | Entered Level 10 of the Dungeon
 10067 | D:10     | Reached skill level 1 in Shields
 10166 | D:10     | Reached XP level 11. HP: 84/84 MP: 14/22
 10246 | D:10     | Reached *** piety under Kikubaaqudgha
 10246 | D:10     | Received a gift from Kikubaaqudgha
 10447 | D:10     | Noticed Fannar
 10632 | D:10     | Killed Fannar
 10949 | D:10     | Found Rymesi's Specific Store.
 10952 | D:10     | Found Fumnad's General Store.
 10957 | D:10     | Bought a potion of brilliance for 52 gold pieces
 10957 | D:10     | Bought a scroll of enchant armour for 97 gold pieces
 10961 | D:10     | Bought a scroll of blinking for 75 gold pieces
 11463 | D:11     | Found a staircase to the Lair.
 11464 | D:11     | Noticed an oklob plant
 11470 | D:11     | Noticed an oklob plant
 12383 | D:11     | Killed an oklob plant
 13046 | D:11     | Killed an oklob plant
 13069 | Lair:1   | Entered Level 1 of the Lair of Beasts
 13607 | Lair:1   | Reached skill level 1 in Earth Magic
 14242 | Lair:2   | Noticed a skyshark
 14251 | Lair:2   | Killed a skyshark
 14267 | Lair:2   | Learned a level 5 spell: Borgnjor's Vile Clutch
 14347 | Lair:2   | Reached XP level 12. HP: 82/94 MP: 14/23
 14952 | Lair:2   | Found a hole to the Spider Nest.
 15595 | Lair:3   | Reached skill level 15 in Necromancy
 15789 | Lair:3   | Noticed a boulder beetle
 15790 | Lair:3   | Noticed Sonja
 15800 | Lair:3   | Killed Sonja
 15805 | Lair:3   | Killed a boulder beetle
 16029 | Lair:3   | Found a staircase to the Shoals.
 16106 | Lair:4   | Reached skill level 5 in Earth Magic
 16135 | Lair:4   | Noticed a four-headed hydra
 16144 | Lair:4   | Killed a four-headed hydra
 16393 | Lair:4   | Reached **** piety under Kikubaaqudgha
 16731 | Lair:4   | Reached XP level 13. HP: 83/103 MP: 21/24
 16756 | Lair:4   | Reached skill level 10 in Fighting
 16873 | Lair:4   | Identified the +4 leather armour of Gestures {rElec rF+}
 16960 | Lair:5   | Entered Level 5 of the Lair of Beasts
 16960 | Lair:5   | Noticed Josephine
 17080 | Lair:5   | Reached skill level 1 in Ice Magic
 17092 | Lair:5   | Killed Josephine
 17372 | Lair:5   | Found a viscous altar of Jiyva.
 17375 | Lair:5   | Found a staircase to the Slime Pits.
 17652 | Lair:5   | Learned a level 6 spell: Simulacrum
 18142 | Orc:1    | Entered Level 1 of the Orcish Mines
 18165 | Orc:1    | Reached ***** piety under Kikubaaqudgha
 18251 | Orc:2    | Entered Level 2 of the Orcish Mines
 18727 | Orc:2    | Found Enarch's Armour Shop.
 18880 | Orc:2    | Noticed Rupert
 18892 | Orc:2    | Killed Rupert
 18908 | Orc:2    | Found a staircase to the Elven Halls.
 18925 | Orc:2    | Noticed an orc warlord
 18930 | Orc:2    | Reached skill level 5 in Ice Magic
 18943 | Orc:2    | Reached XP level 14. HP: 52/110 MP: 2/27
 18949 | Orc:2    | Your ally Rupert died
 18950 | Orc:2    | Killed an orc warlord
 18961 | Orc:2    | Found Tymy's Antique Armour Boutique.
 18963 | Orc:2    | Found Pitu's Antique Weapon Shop.
 19184 | Orc:2    | Found Qydoroopn's Assorted Antiques.
 21123 | D:13     | Reached ****** piety under Kikubaaqudgha
 21564 | D:13     | Identified the +0 chain mail "Zuahoj" {Dex+3}
 21820 | D:14     | Received a gift from Kikubaaqudgha
 21862 | D:14     | Reached skill level 1 in Summonings
 22254 | D:14     | Reached skill level 10 in Spellcasting
 22890 | Orc:2    | Bought the +4 moon troll leather armour {Spirit, Regen++
                  | MP+5} for 1362 gold pieces
 22890 | Orc:2    | Found the +4 moon troll leather armour {Spirit, Regen++
                  | MP+5}
 23119 | D:14     | Reached XP level 15. HP: 108/116 MP: 17/29
 23198 | D:14     | Reached skill level 5 in Summonings
 23320 | D:14     | Found a gate to the Vaults.
 23488 | D:15     | Entered Level 15 of the Dungeon
 23568 | D:15     | Learned a level 7 spell: Haunt
 23755 | D:15     | Found a staircase to the Depths.
 23974 | D:15     | Found Echausoj's Magic Scroll Emporium.
 23983 | D:15     | Bought a scroll of blinking for 105 gold pieces
 23983 | D:15     | Bought a scroll of blinking for 105 gold pieces
 24379 | Spider:1 | Entered Level 1 of the Spider Nest
 25266 | Spider:2 | Reached skill level 10 in Dodging
 25678 | Spider:2 | Noticed Nikola
 25685 | Spider:2 | Killed Nikola
 25884 | Spider:3 | Reached XP level 16. HP: 82/123 MP: 3/31
 26000 | Spider:3 | Learned a level 8 spell: Infestation
 27058 | Shoals:1 | Entered Level 1 of the Shoals
 27080 | Shoals:1 | Found a runed translucent door.
 27087 | Shoals:1 | Noticed ShutUppercut's ghost (adept SpEn)
 27133 | Shoals:1 | Noticed a titan
 27168 | Shoals:1 | Killed a titan
 27222 | Shoals:1 | Noticed Frances
 27234 | Shoals:1 | Reached skill level 10 in Summonings
 27236 | Shoals:1 | Killed Frances
 27299 | Shoals:1 | Killed ShutUppercut's ghost
 27712 | Shoals:1 | Noticed Aizul
 27721 | Shoals:1 | Killed Aizul
 27782 | Shoals:2 | Reached skill level 1 in Armour
 28302 | Shoals:3 | Noticed a kraken
 28302 | Shoals:3 | Noticed a kraken
 28302 | Shoals:3 | Noticed a kraken
 28302 | Shoals:3 | Noticed a kraken
 28399 | Shoals:3 | Found a runed translucent gate.
 28399 | Shoals:3 | Found a runed translucent gate.
 28399 | Shoals:3 | Found a runed translucent gate.
 28400 | Shoals:3 | Noticed Tang's ghost (adept TeAE)
 28410 | Shoals:3 | Killed Tang's ghost
 28411 | Shoals:3 | Reached XP level 17. HP: 125/129 MP: 33/33
 28534 | Shoals:3 | Killed a kraken
 28544 | Shoals:3 | Killed a kraken
 28561 | Shoals:3 | Killed a kraken
 28577 | Shoals:3 | Killed a kraken
 28976 | Shoals:4 | Entered Level 4 of the Shoals
 29275 | Shoals:4 | Noticed Donald
 29287 | Shoals:4 | Killed Donald
 29516 | Shoals:4 | Found Fepluleth's General Store.
 29531 | Shoals:4 | Bought a scroll of fog for 72 gold pieces
 29757 | Shoals:4 | Noticed a kraken
 29775 | Shoals:4 | Killed a kraken
 29834 | Shoals:4 | Got a barnacled rune of Zot
 30831 | Spider:4 | Entered Level 4 of the Spider Nest
 30909 | Spider:4 | Reached skill level 15 in Summonings
 30975 | Spider:4 | Got a gossamer rune of Zot
 31090 | Spider:4 | Reached XP level 18. HP: 136/136 MP: 31/34
 31099 | Spider:4 | Noticed Arachne
 31103 | Spider:4 | Killed Arachne
 31140 | Spider:4 | Noticed Asterion
 31145 | Spider:4 | Killed Asterion
 31837 | Orc:2    | Bought a runed buckler for 187 gold pieces
 31867 | Elf:1    | Entered Level 1 of the Elven Halls
 31877 | Elf:1    | Paralysed by an air elemental for 1 turns
 32272 | Elf:1    | Reached skill level 1 in Polearms
 33074 | Elf:2    | Noticed a Tzitzimitl
 33256 | Elf:2    | Found a runed translucent gate.
 33256 | Elf:2    | Found a runed translucent gate.
 33256 | Elf:2    | Found a runed translucent gate.
 33505 | Elf:2    | Reached skill level 5 in Polearms
 33621 | Elf:3    | Entered Level 3 of the Elven Halls
 33716 | Elf:3    | Identified the +1 pair of boots "Jadghisogh" {rF+}
 33800 | Elf:3    | Noticed a Brimstone Fiend
 33809 | Elf:3    | Noticed an Ice Fiend
 33811 | Elf:3    | Reached XP level 19. HP: 78/143 MP: 1/35
 33946 | Elf:3    | Paralysed by an air elemental for 1 turns
 33951 | Elf:3    | Identified the +0 scimitar of Oozing Pus {freeze, rF+
                  | Will++ Int+6}
 33956 | Elf:3    | Noticed a Brimstone Fiend
 33978 | Elf:3    | Identified the ring "Realuost" {rElec rN+++ AC+4 Str-2
                  | SInv}
 33981 | Elf:3    | Identified the +8 dagger "Deleir" {freeze, rN+ Dex+3}
 33997 | Elf:3    | Identified the ring "Teemp" {Fire rPois}
 34040 | Elf:3    | Identified the +5 executioner's axe of Xiwische {spect,
                  | Dex+3 SInv}
 34054 | Elf:3    | Got the Tractate on Moving Spellbinding
 34058 | Elf:3    | Identified the +1 ring mail of Protective Custody {Str+5}
 34063 | Elf:3    | Identified the +8 sling "Piydd" {speed, rPois Will- rCorr
                  | Str+3}
 34102 | Elf:3    | Got the Writings on Nonlocality
 34136 | Elf:3    | Got the Volume of Congealing Silt
 34405 | Elf:3    | Identified the +1 cloak "Imunwy" {+Inv rC+ Str+4}
 34727 | Orc:2    | Bought a +2 helmet for 264 gold pieces
 35375 | Orc:2    | Bought an embroidered scarf for 200 gold pieces
 35605 | Vaults:1 | Entered Level 1 of the Vaults
 36293 | Vaults:1 | Reached XP level 20. HP: 153/153 MP: 19/37
 36847 | Vaults:2 | Found a staircase to the Crypt.
 36872 | Vaults:2 | Noticed Sojobo
 36879 | Vaults:2 | Paralysed by an air elemental for 1 turns
 36884 | Vaults:2 | Reached skill level 10 in Polearms
 36887 | Vaults:2 | Killed Sojobo
 37048 | Vaults:2 | Found Mysogych's Weapon Boutique.
 37689 | Vaults:2 | Identified the +3 arbalest of Neatita {drain, rC+ Str+4}
 37693 | Vaults:2 | Identified the +4 arbalest of Doom {flame, rElec rC+ rCorr
                  | Dex-5}
 38251 | Vaults:3 | Found Wyfoehy's Antique Armour Boutique.
 38281 | Vaults:3 | Found Leeqoqy's Weapon Shoppe.
 39398 | Vaults:4 | Reached XP level 21. HP: 143/162 MP: 26/39
 39784 | Vaults:4 | Reached skill level 15 in Dodging
 40298 | Vaults:4 | Reached skill level 15 in Spellcasting
 40443 | Vaults:5 | Entered Level 5 of the Vaults
 40462 | Vaults:5 | Noticed a dread lich
 40477 | Vaults:5 | Killed a dread lich
 40534 | Vaults:5 | Noticed an ancient lich
 40542 | Vaults:5 | Killed an ancient lich
 40611 | Vaults:5 | Noticed a dread lich
 40620 | Vaults:5 | Killed a dread lich
 40621 | Vaults:5 | Reached skill level 15 in Fighting
 40621 | Vaults:5 | Reached skill level 3 in Hexes
 40621 | Vaults:5 | Reached XP level 22. HP: 138/175 MP: 7/41
 40632 | Vaults:5 | Reached skill level 4 in Hexes
 40646 | Vaults:5 | Reached skill level 5 in Hexes
 40668 | Vaults:5 | Reached skill level 6 in Hexes
 40682 | Vaults:5 | Reached skill level 7 in Hexes
 40921 | Vaults:5 | Reached skill level 8 in Hexes
 40930 | Vaults:5 | Learned a level 8 spell: Discord
 41017 | Vaults:5 | Reached skill level 9 in Hexes
 41067 | Vaults:5 | Reached skill level 10 in Hexes
 41068 | Vaults:5 | Noticed an ancient lich
 41084 | Vaults:5 | Killed an ancient lich
 41085 | Vaults:5 | Reached skill level 11 in Hexes
 41110 | Vaults:5 | Reached skill level 12 in Hexes
 41160 | Vaults:5 | Found Foneasod's Jewellery Shoppe.
 41161 | Vaults:5 | Noticed a golden dragon
 41166 | Vaults:5 | Reached skill level 13 in Hexes
 41171 | Vaults:5 | Found Nishro Vapy's Jewellery Shoppe.
 41171 | Vaults:5 | Killed a golden dragon
 41187 | Vaults:5 | Reached skill level 14 in Hexes
 41253 | Vaults:5 | Got a silver rune of Zot
 41264 | Vaults:5 | Bought the ring of Kiwoigao {rC+ rCorr Slay+3} for 602 gold
                  | pieces
 41396 | Vaults:5 | Noticed a golden dragon
 41417 | Vaults:5 | Reached skill level 15 in Hexes
 41421 | Vaults:5 | Killed a golden dragon
 41421 | Abyss:2  | Cast into level 2 of the Abyss (a deep elf sorcerer)
 41580 | Abyss:2  | Paralysed by accursed screaming for 1 turns
 41676 | Abyss:2  | Reached skill level 16 in Hexes
 41778 | Vaults:5 | Escaped the Abyss
 41788 | Vaults:5 | Found Sigocs's General Store.
 41790 | Vaults:5 | Paralysed by you for 3 turns
 42059 | Vaults:5 | Reached skill level 17 in Hexes
 42374 | Vaults:5 | Bought a potion of might for 80 gold pieces
 42374 | Vaults:5 | Bought a potion of lignification for 60 gold pieces
 42374 | Vaults:5 | Bought a potion of lignification for 60 gold pieces
 42374 | Vaults:5 | Bought a potion of resistance for 200 gold pieces
 42374 | Vaults:5 | Bought a potion of curing for 60 gold pieces
 42449 | Vaults:5 | Found Nyiwo's Distillery.
 42470 | Vaults:5 | Identified the +0 leather armour of Instinct {Will++
                  | Slay-5}
 42710 | Depths:1 | Entered Level 1 of the Depths
 42735 | Depths:1 | Found a portal to a secret trove of treasure.
 42736 | Depths:1 | Found the +3 salamander hide armour {Flames, rFlCloud rF++
                  | rC--}
 42752 | Depths:1 | You paid a toll of 5 scrolls of blinking to enter a
                  | treasure trove
 42753 | Trove    | Entered a treasure trove
 42755 | Trove    | Found the +3 Mad Mage's Maulers {Infuse+∞ VampMP -Cast}
 42756 | Trove    | Found the +3 pair of seven-league boots {Rampage+∞}
 42759 | Trove    | Identified the +0 pair of boots of Giasch {rElec Str-5
                  | Dex+9 Slay-6}
 42760 | Trove    | Identified the +1 plate armour of the Ladybird {rElec rF+
                  | rC- Dex+5}
 42762 | Trove    | Identified the +3 leather armour "Tamupn" {Int+3}
 42764 | Trove    | Identified the +2 kite shield of the Vacuum {-Tele Fly
                  | rPois rN+++}
 42775 | Trove    | Identified the +3 scale mail of the Amoeba {Str+5}
 42777 | Trove    | Identified the scarf "Zoepsini" {repulsion, Str+3 Int+3}
 42801 | Depths:1 | Found Qaysoiba's Book Shop.
 42807 | Depths:1 | Found Pialur's Distillery.
 42854 | Depths:1 | Bought a potion of heal wounds for 55 gold pieces
 42854 | Depths:1 | Bought a potion of haste for 110 gold pieces
 42854 | Depths:1 | Bought a potion of invisibility for 88 gold pieces
 42854 | Depths:1 | Bought a potion of cancellation for 88 gold pieces
 42854 | Depths:1 | Bought 2 potions of cancellation for 176 gold pieces
 42932 | Depths:1 | Reached skill level 18 in Hexes
 43011 | Depths:1 | Reached XP level 23. HP: 181/181 MP: 42/42
 43045 | Depths:1 | Found a gateway to Hell.
 43723 | Depths:1 | Reached skill level 19 in Hexes
 43767 | Depths:1 | Found Yfash's Weapon Shoppe.
 43923 | Depths:2 | Found the +9 staff of Olgreb {rPois∞}
 43928 | Depths:2 | Noticed a caustic shrike
 43940 | Depths:2 | Killed a caustic shrike
 43944 | Depths:2 | Reached skill level 20 in Hexes
 43974 | Depths:2 | Found a one-way gate leading to the halls of Pandemonium.
 44090 | Depths:2 | Identified the staff of air "Ocruf" {rElec Int+2}
 44167 | Depths:2 | Found Bameg's Assorted Antiques.
 44223 | Depths:2 | Found a hide-covered altar of Uskayaw.
 44640 | Depths:2 | Found a sparkling altar of Nemelex Xobeh.
 44675 | Depths:2 | Reached skill level 21 in Hexes
 44701 | Depths:2 | Found a one-way gateway to a ziggurat.
 45202 | Depths:3 | Reached skill level 22 in Hexes
 45230 | Depths:3 | Found a one-way gate to the infinite horrors of the Abyss.
 45808 | Depths:3 | Reached skill level 23 in Hexes
 45993 | Depths:3 | Learned a level 7 spell: Enfeeble
 46195 | Depths:3 | Reached skill level 24 in Hexes
 46262 | Depths:3 | Noticed a caustic shrike
 46269 | Depths:3 | Killed a caustic shrike
 46450 | Depths:3 | Reached skill level 5 in Shields
 46611 | Depths:3 | Identified the +3 scimitar "Onorghei" {holy, Str+4}
 46615 | Depths:3 | Noticed a juggernaut
 46627 | Depths:3 | Killed a juggernaut
 46628 | Depths:3 | Reached XP level 24. HP: 190/190 MP: 33/42
 46659 | Depths:3 | Identified the +9 longbow of Efusego {heavy, Dex+3}
 46694 | Depths:3 | Identified the +2 triple sword "Arbiter" {protect, *Corrode
                  | Will+ Str+7 Dex-5 Stlth+}
 46801 | Depths:3 | Acquired a manual of Stealth
 47411 | Slime:1  | Entered Level 1 of the Pits of Slime
 47438 | Slime:1  | Reached skill level 10 in Stealth
 47595 | Slime:4  | Found a viscous altar of Jiyva.
 47657 | Slime:5  | Entered Level 5 of the Pits of Slime
 47859 | Slime:5  | Noticed the Royal Jelly
 48016 | Slime:5  | Killed the Royal Jelly
 48025 | Slime:5  | Your ally the Royal Jelly died
 48044 | Slime:5  | Found the +13 scythe of Curses {drain, curses, Drain}
 48057 | Slime:5  | Identified the staff of death "Womig Vuasak" {rN+ SInv}
 48060 | Slime:5  | Got a slimy rune of Zot
 48099 | Slime:5  | Got the Lessons on the Reformed Curse
 48119 | Slime:5  | Identified the +6 whip of Mouplack {holy, Will++}
 48468 | Depths:4 | Entered Level 4 of the Depths
 48555 | Depths:4 | Reached skill level 15 in Stealth
 48929 | Depths:4 | Found a gate to the Realm of Zot.
 49063 | Zot:1    | Entered Level 1 of the Realm of Zot
 49435 | Zot:1    | Identified the +0 scale mail "Zurij" {Rampage Int+4}
 49991 | Zot:2    | Reached XP level 25. HP: 201/201 MP: 5/42
 50188 | Zot:3    | Noticed an orb of fire
 50221 | Zot:3    | Noticed an orb of fire
 50270 | Zot:3    | Gained mutation: Your body sometimes deteriorates upon
                  | taking damage. [an orb of fire]
 50287 | Zot:3    | Killed an orb of fire
 50427 | Zot:3    | Gained mutation: You occasionally lose the ability to drink
                  | potions when taking damage. [an orb of fire]
 50432 | Zot:3    | Gained mutation: You occasionally shout uncontrollably at
                  | your foes. [an orb of fire]
 50466 | Zot:3    | Killed an orb of fire
 50736 | Zot:4    | Found a transporter.
 50742 | Zot:4    | Noticed an orb of fire
 50745 | Zot:4    | Noticed a dread lich
 50763 | Zot:4    | Found a shimmering blue altar of Sif Muna.
 50977 | Zot:5    | Entered Level 5 of the Realm of Zot
 51315 | Zot:5    | Noticed an orb of fire
 51317 | Zot:5    | Noticed an orb of fire
 51319 | Zot:5    | Noticed an orb of fire
 51319 | Zot:5    | Gained mutation: You are frail. (-10% HP) [an orb of fire]
 51332 | Zot:5    | Noticed a Killer Klown
 51332 | Zot:5    | Gained mutation: You are very frail. (-20% HP) [an orb of
                  | fire]
 51355 | Zot:5    | Killed an orb of fire
 51360 | Zot:5    | Gained mutation: You are extremely frail. (-30% HP) [an orb
                  | of fire]
 51372 | Zot:5    | Gained mutation: You are weak. (Str -2) [an orb of fire]
 51374 | Zot:5    | Gained mutation: You are clumsy. (Dex -2) [an orb of fire]
 51385 | Zot:5    | Gained mutation: Armour fits poorly on your strangely
                  | shaped body. [an orb of fire]
 51393 | Zot:5    | Killed an orb of fire
 51406 | Zot:5    | Gained mutation: You frequently scream uncontrollably at
                  | your foes. [an orb of fire]
 51408 | Zot:5    | Gained mutation: You are dopey. (Int -2) [an orb of fire]
 51409 | Zot:5    | Gained mutation: You are very clumsy. (Dex -4) [an orb of
                  | fire]
 51415 | Zot:5    | Killed an orb of fire
 51416 | Zot:5    | Noticed an ancient lich
 51424 | Zot:5    | Killed an ancient lich
 51424 | Zot:5    | Noticed a Killer Klown
 51430 | Zot:5    | Noticed an orb of fire
 51445 | Zot:5    | Gained mutation: You are very weak. (Str -4) [an orb of
                  | fire]
 51472 | Zot:5    | Gained mutation: You sometimes lose your temper in combat.
                  | [an orb of fire]
 51483 | Zot:5    | Killed an orb of fire
 51484 | Zot:5    | Noticed a Killer Klown
 51490 | Zot:5    | Noticed a dread lich
 51551 | Zot:3    | Lost mutation: You are extremely frail. (-30% HP) [potion
                  | of mutation]
 51551 | Zot:3    | Lost mutation: You sometimes lose your temper in combat.
                  | [potion of mutation]
 51552 | Zot:3    | Lost mutation: You occasionally lose the ability to drink
                  | potions when taking damage. [potion of mutation]
 51552 | Zot:3    | Lost mutation: You are very weak. (Str -4) [potion of
                  | mutation]
 51552 | Zot:3    | Lost mutation: You are weak. (Str -2) [potion of mutation]
 51552 | Zot:3    | Gained mutation: You are vulnerable to heat. (rF-) [potion
                  | of mutation]
 51552 | Zot:3    | Gained mutation: You have sharp toenails. [potion of
                  | mutation]
 51683 | Zot:5    | Killed a Killer Klown
 51687 | Zot:5    | Noticed an orb of fire
 51691 | Zot:5    | Killed a Killer Klown
 51698 | Zot:5    | Killed an orb of fire
 51699 | Zot:5    | Killed a dread lich
 51705 | Zot:5    | Noticed a Killer Klown
 51717 | Zot:5    | Killed a Killer Klown
 51752 | Zot:5    | Noticed an orb of fire
 51767 | Zot:5    | Gained mutation: Your body often deteriorates upon taking
                  | damage. [an orb of fire]
 51872 | Zot:5    | Killed a Killer Klown
 52595 | Zot:3    | Reached skill level 25 in Hexes
 52684 | Zot:3    | Reached XP level 26. HP: 127/170 MP: 11/42
 52779 | Zot:3    | Identified the +0 ring mail of Dithmenos's Whim {Fly}
 53342 | Zot:2    | Paralysed by you for 3 turns
 53923 | Zot:5    | Gained mutation: You are extremely frail. (-30% HP) [an orb
                  | of fire]
 53952 | Zot:5    | Killed an orb of fire
 53953 | Zot:5    | Reached skill level 5 in Armour
 54021 | Zot:5    | Noticed an ancient lich
 54032 | Zot:5    | Killed an ancient lich
 54602 | Zot:5    | Got the Orb of Zot
 55065 | D:10     | Noticed Riwur the pandemonium lord
 55076 | D:10     | Killed Riwur the pandemonium lord
 55299 | D:$      | Escaped with the Orb!

Illustrated notes

Levels and vault maps discovered:
D:1:      minmay_arrival_widening_spiral_wide, layout_basic
D:2:      layout_basic, uniq_crazy_yiuf_cottage
D:3:      layout_loops_ring, mainiacjoe_overflow_24_doors
D:4:      layout_layer_cave, minmay_temple_entry_glassed_door
D:5:      layout_basic, bloody_makhleb, lemuel_mausoleum_altar_kikubaaqudgha,
          serial_shops, nicolae_shop_pleasant_corner_grove, minivault_5,
          minmay_misc_feat_chi, chequers_arboretum, minivault_26
D:6:      layout_basic, gammafunk_ghost_hive, serial_rivers,
          chequers_serial_rivers_micro_c, chequers_serial_rivers_micro_c,
          chequers_serial_rivers_marsh, chequers_serial_rivers_large_a,
          chequers_serial_rivers_large_b, centaur_isle
D:7:      layout_basic, hangedman_abyss_or_decor_stagger
D:8:      layout_rooms, nicolae_overflow_squiral, minmay_misc_feat_more_columns,
          hangedman_glass_teeth, kennysheep_opposing_triangles,
          uniq_prince_ribbit1, uniq_psyche
D:9:      layout_long_grid, minmay_orc_entry_temple_small,
          wad_floor_pattern_untrapped
D:10:     layout_small_grid, serial_rivers, chequers_serial_rivers_room_a,
          chequers_serial_rivers_micro_b, chequers_serial_rivers_micro_e,
          chequers_serial_rivers_room_b, chequers_serial_rivers_micro_e,
          chequers_serial_rivers_small_b, nicolae_specific_store, uniq_fannar
D:11:     layout_basic, dpeg_oklobed_lair
D:12:     layout_loops_cross
D:13:     layout_basic, minmay_librarian
D:14:     layout_roguey [special_room_bee],
          hangedman_vaults_entry_quadrant_bands, chequers_jeans,
          hangedman_abyss_or_decor_stabs
D:15:     gammafunk_depths_entry_grave, layout_irregular_city, serial_shops,
          nicolae_shop_tiny_glass, nicolae_kite_square_tiling_tiny
Temple:   minmay_temple_bridge_d
Lair:1:   layout_small_grid, serial_rivers, chequers_serial_rivers_micro_c,
          chequers_serial_rivers_small_3, chequers_serial_rivers_micro_d,
          chequers_serial_rivers_micro_e, beast_lair_carwin_6
Lair:2:   layout_cave_pods, spider_nest_entry_webs
Lair:3:   layout_concentric_octagons, elwin_shoals_entry_rooms,
          grunt_forest_stairs_clearing, grunt_megastairs_5,
          infiniplex_staircase_pool_2, uniq_sonja
Lair:4:   layout_big_grid, serial_bayou_shore_b
Lair:5:   grunt_lair_end_beastmaster, layout_gridlike,
          minmay_slime_entry_pillars, minivault_23, serial_bayou_shore_b,
          uniq_josephine
Shoals:1: cheibrodos_shoals_gigantism, layout_shoals,
          hellmonk_ghost_happy_afterlife, nicolae_shoals_water_shrine,
          uniq_frances, uniq_aizul
Shoals:2: layout_shoals
Shoals:3: layout_shoals, ebering_ghost_rock_garden, nicolae_shoals_kraken_party
Shoals:4: shoals_end_hangedman, layout_shoals, serial_shops,
          nicolae_shop_peninsula, uniq_donald
Spider:1: layout_spider_delve
Spider:2: layout_spider_delve, hangedman_spider_tarantella_strand, uniq_nikola
Spider:3: layout_chambers, nicolae_spider_checkerboard
Spider:4: grunt_spider_rune_circles, uniq_asterion, uniq_arachne
Slime:1:  cheibrodos_slime_lost_civilization_3, layout_caves,
          cheibrodos_slime_lost_civilization_5
Slime:2:  layout_caves, nicolae_slime_welcoming_committee
Slime:3:  layout_caves, nicolae_slime_rock_hall_of_fame
Slime:4:  layout_caves, basic_altar
Slime:5
Orc:1:    layout_diamond_mine
Orc:2:    grunt_orc_community_town_hall, layout_caves,
          grunt_orc_community_big_house_1, grunt_orc_community_big_house_1,
          grunt_orc_community_house_1, grunt_orc_community_house_2,
          grunt_orc_community_house_2, grunt_orc_community_house_1,
          grunt_orc_community_house_2, uniq_rupert
Elf:1:    eino_elf_arrival_sip, layout_onion_city, kennysheep_underground_church
Elf:2:    elven_hall_of_blades_hangedman_original [nicolae_blade_little_rooms],
          layout_geoelf_diagonals, minmay_misc_feat_pillars, hex_large,
          minivault_25
Elf:3:    grunt_elf_hall_spiral, layout_geoelf_diagonals
Vaults:1: v_rooms_5, nicolae_vaults_more_shelving_1, hangedman_vaults_capsules,
          hangedman_vaults_slice, vaults_room_fours, vaults_room_glass_cross,
          hangedman_vaults_stagger, nicolae_vaults_offset_grid_hallway_1,
          vaults_dpeg_ring, v_alt_pattern_1, v_misc_25, layout_vaults_ring
Vaults:2: nicolae_vaults_circle_grid_a, minmay_crypt_entry_simple_corners,
          vaults_mumra_hexcomb, ontoclasm_vaults_pinch,
          ontoclasm_vaults_misaligned, nicolae_vaults_trapezoid_lopsided_1,
          nicolae_vaults_house_3, nicolae_vaults_stairing_the_circle,
          nicolae_vaults_know_your_exits, nicolae_vaults_offset_grid_hallway_3,
          ontoclasm_vaults_eye, nicolae_vaults_yaktaur_gun_rack,
          vaults_dpeg_diagonal, hangedman_vaults_corner, v_misc_10,
          layout_vaults_omnibox, serial_shops, shop, uniq_sojobo
Vaults:3: v_misc_10, nicolae_vaults_network_quincunx
          [nicolae_vaults_network_quincunx_subvault,
          nicolae_vaults_network_quincunx_subvault,
          nicolae_vaults_network_quincunx_subvault,
          nicolae_vaults_network_quincunx_subvault,
          nicolae_vaults_network_quincunx_subvault], vaults_dpeg_cross,
          nicolae_vaults_network_s, nicolae_vaults_wine_cellar,
          nicolae_vaults_taking_the_gang_shopping, ontoclasm_vaults_twist,
          nicolae_vaults_theta, v_misc_3, nicolae_vaults_tetromino_L_2,
          layout_vaults_big_room, serial_shops, shop
Vaults:4: hangedman_vaults_restitches, v_misc_1,
          nicolae_vaults_little_squares_6, nicolae_vaults_six-pack,
          v_alt_pattern_6, nicolae_vaults_hallways_thing, v_misc_33,
          nicolae_vaults_disjoint_gnomons, nicolae_vaults_trapezoid_lopsided_2,
          nicolae_vaults_crenellated_ambush, nicolae_vaults_rhombus_7,
          nicolae_vaults_trapezoid_1, layout_vaults_maze
Vaults:5
Depths:1: layout_long_grid, serial_shops, nicolae_lakefront_shop,
          nicolae_trove_entry_free_sample,
          nicolae_hell_entry_hellmouth_sunbeams, roderic_roman_lattice,
          hellmonk_scarab_ruin, minmay_shop_star
Depths:2: evilmike_hourglass, layout_gridlike, enter_ziggurat_d, hell_entry,
          serial_shops, nicolae_shop_overgrown_old_shop, nemelex_altar_shiori,
          pan_entry, nicolae_uskayaw_suspiria
Depths:3: hangedman_box_tower, layout_long_grid, abyss_entry,
          hangedman_abyss_or_decor_jellyfish_corner, hell_entry,
          kennysheep_decorative_pillar, lightli_minifort
Depths:4: grunt_bruiser_brothers, layout_cave_pools, pf_hell_entry_tar_river
Zot:1:    layout_gridlike, guppyfry_library_mini
Zot:2:    gammafunk_mikee_crab_dinner, layout_misc_corridors
Zot:3:    layout_gridlike
Zot:4:    gammafunk_sealed_library, layout_basic
Zot:5:    layout_misc_corridors

Skill      XL: |  1  2  3  4  5  6  7  8  9 10 11 12 13 14 15 16 17 18 19 20 21 22 23 24 25 26 |
---------------+-------------------------------------------------------------------------------+-----
Necromancy     | 5 6 7 8 9 11 14 15 17 18 19 20 21 22 | 22.0
Spellcasting   | 3 4 5 7 9 10 11 12 13 14 15 | 15.0
Fighting       | 4 7 8 9 10 11 12 13 15 17 18 19 | 19.3
Stealth        | 6 8 19 23 | 23.2
Dodging        | 4 6 8 10 11 12 13 14 15 18 19 | 19.7
Shields        | 1 4 5 8 |  8.1
Earth Magic    | 2 6 7 |  7.0
Ice Magic      | 5 |  5.7
Summonings     | 4 8 12 15 16 | 16.0
Armour         | 3 4 6 |  6.7
Polearms       | 5 9 12 14 | 14.0
Hexes          | 3 18 24 25 | 25.0

Action                     |  1- 3 |  4- 6 |  7- 9 | 10-12 | 13-15 | 16-18 | 19-21 | 22-24 | 25-27 || total
---------------------------+-------+-------+-------+-------+-------+-------+-------+-------+-------++-------
  Melee: Unarmed           |     2 |       |       |       |       |       |       |       |       ||     2
         Dagger            |     2 |       |       |       |       |       |       |       |       ||     2
         Spear             |     5 |    40 |    14 |       |       |       |       |       |       ||    59
         Bite              |     1 |     4 |    33 |    41 |    52 |    39 |    72 |   201 |    85 ||   528
         Punch             |       |     1 |     3 |       |       |       |       |       |       ||     4
         Trident           |       |       |   204 |   368 |   515 |   252 |       |       |       ||  1339
         Demon trident     |       |       |       |       |       |   121 |   601 |  1128 |   688 ||  2538
   Cast: Necrotise         |    85 |    85 |   115 |    40 |       |       |       |       |       ||   325
         Vampiric Draining |       |     8 |    52 |    97 |   166 |    15 |       |       |       ||   338
         Animate Dead      |       |       |     7 |    10 |    27 |     5 |     4 |    15 |     8 ||    76
         Death Channel     |       |       |       |    25 |    60 |    45 |    43 |    53 |    18 ||   244
         Dispel Undead     |       |       |       |     6 |    24 |       |     7 |     2 |       ||    39
         Borgnjor's Vile C |       |       |       |    27 |   107 |    57 |    51 |    74 |    41 ||   357
         Simulacrum        |       |       |       |       |     3 |       |       |       |       ||     3
         Infestation       |       |       |       |       |       |    62 |    66 |    52 |    24 ||   204
         Haunt             |       |       |       |       |       |    38 |    41 |    75 |    88 ||   242
         Discord           |       |       |       |       |       |       |       |    10 |    24 ||    34
         Enfeeble          |       |       |       |       |       |       |       |     5 |     2 ||     7
 Invoke: Unearth Wretches  |       |       |     1 |     6 |    14 |    15 |    10 |    16 |    21 ||    83
         Torment           |       |       |       |       |     1 |     2 |       |     2 |       ||     5
         Receive Forbidden |       |       |       |       |     1 |       |       |       |       ||     1
Ability: Exsanguinate      |       |       |       |       |     1 |       |       |     1 |       ||     2
         Revivify          |       |       |       |       |     1 |       |       |     1 |       ||     2
  Evoke: Wand              |       |       |    13 |     4 |     5 |     1 |       |       |     7 ||    30
         Phantom mirror    |       |       |       |       |       |       |       |       |     1 ||     1
    Use: Potion            |     1 |     1 |     1 |     2 |     9 |     5 |     1 |    10 |    27 ||    57
         Scroll            |     4 |     6 |     3 |     9 |    17 |    13 |     4 |     9 |     8 ||    73
   Stab: Sleeping          |       |       |     7 |    13 |     5 |     5 |     2 |     6 |       ||    38
         Paralysed         |       |       |     1 |     5 |    15 |     5 |     5 |     6 |     4 ||    41
         Distracted        |       |       |       |     9 |    13 |     9 |    30 |    47 |    13 ||   121
         Petrified         |       |       |       |       |     4 |       |       |       |       ||     4
         Invisible         |       |       |       |       |       |     2 |       |     1 |       ||     3
 Armour: Robe              |    14 |    35 |    70 |       |       |       |       |       |       ||   119
         Steam dragon scal |       |       |    70 |   164 |     1 |       |       |       |       ||   235
         Acid dragon scale |       |       |       |     2 |       |       |       |       |       ||     2
         Leather armour    |       |       |       |       |   219 |       |       |       |       ||   219
         Troll leather arm |       |       |       |       |   139 |   245 |   209 |   459 |   249 ||  1301
  Dodge: Dodged            |    18 |    87 |   221 |   265 |   491 |   318 |   333 |   641 |   262 ||  2636
  Block: Buckler           |       |       |     2 |   100 |   181 |   130 |   153 |   254 |   118 ||   938
